 Dungeon Crawl Stone Soup version 0.32-a0-673-g3729bd50f8 (webtiles) character file.

Game seed: 12780454680035301497

42 Shayle the Apothecary (level 3, -5/24 HPs)
             Began as a Coglin Alchemist on Mar 10, 2024.
             Slain by a gnoll
             ... wielding a +0 club
              (7 damage)
             ... on level 2 of the Dungeon.
             The game lasted 00:06:22 (1027 turns).

Shayle the Apothecary (Coglin Alchemist)            Turns: 1027, Time: 00:06:23

Health: -5/24      AC:  3    Str:  8    XL:     3   Next: 54%
Magic:  6/6        EV: 11    Int: 16    God:
Gold:   36         SH:  0    Dex: 14    Spells: 5/6 levels left

rFire   . . .        i - +0 hand axe {Nindada}
rCold   . . .        (no shield)
rNeg    . . .        g - +0 leather armour
rPois   .            (no helmet)
rElec   .            (no cloak)
rCorr   .            (no gloves)
SInv    .            (no boots)
Will    +....        (amulet unavailable)
Stlth   ++           (ring unavailable)
HPRegen 0.24/turn    (ring unavailable)
MPRegen 0.10/turn    (no gizmo)

%: no passive effects
@: enlightened, flying
A: off-hand wielding, slow wielding, warmup strikes, no jewellery
a: Invent Gizmo


You were on level 2 of the Dungeon.
You visited 1 branch of the dungeon, and saw 2 of its levels.

You collected 36 gold pieces.

Inventory:

Hand Weapons
 i - a +0 hand axe (weapon) {Nindada}
Armour
 a - a +0 robe
 g - a +0 leather armour (worn)
Scrolls
 c - a scroll of fear {unknown}
 d - a scroll of teleportation {unknown}
 e - a scroll of enchant weapon {unknown}
 h - a scroll of identify {unknown}
Potions
 b - a potion of magic


   Skills:
 + Level 2.2 Dodging
 - Level 1.5 Stealth
 + Level 2.1 Spellcasting
 + Level 1.5 Conjurations
 + Level 3.8 Alchemy


You had 5 spell levels left.
You knew the following spells:

 Your Spells              Type           Power      Damage    Failure   Level
a - Sting                 Conj/Alch      40%        1d5       10%         1

Your spell library contained the following spells:

 Spells                   Type           Power      Damage    Failure   Level
 Mercury Vapours          Alch/Air       14%        N/A       21%         2
 Mephitic Cloud           Conj/Alch/Air  7%         N/A       38%         3
 Olgreb's Toxic Radiance  Alch           14%        N/A       52%         4
 Sticky Flame             Fire/Alch      7%         2d4       80%         4


Dungeon Overview and Level Annotations

Branches:
Dungeon (2/15)

Altars:

Shops:
D:1 ([


Innate Abilities, Weirdness & Mutations

You can wield a second weapon in your off-hand.
It takes a long time for you to wield or remove held weapons.
Your first few attacks do less damage.
You cannot equip rings or amulets.


Message History

The gnoll shouts!
A gnoll comes into view. It is wielding a +0 spear.
The kobold hits you with a +0 short sword.
A gnoll comes into view. It is wielding a +0 halberd.
A kobold comes into view. It is wielding a +0 whip.
The kobold attacks as it pursues you! The kobold misses you.
You hit the kobold but do no damage. The kobold misses you.
The kobold closely misses you.
You hit the kobold but do no damage. The kobold completely misses you.
You closely miss the kobold.
The kobold hits you with a +0 short sword.
The gnoll hits you from afar with a +0 spear.
The kobold attacks as it pursues you!
The kobold hits you with a +0 short sword.
The kobold attacks as it pursues you! The kobold misses you.
The kobold attacks as it pursues you! The kobold barely misses you.
There is an open door here.
The kobold attacks as it pursues you!
The kobold hits you with a +0 short sword.
You hit the kobold.
You kill the kobold!
The gnoll attacks as it pursues you!
The gnoll hits you from afar with a +0 spear.
Okay, then.
You aren't carrying any items that you can evoke.
Unknown command.
Okay, then.
It was a potion of enlightenment.
You feel very buoyant.
You fly up into the air.
The gnoll hits you with a +0 club.
* * * LOW HITPOINT WARNING * * *
The gnoll misses you. The gnoll attacks as it pursues you!
The gnoll hits you but does no damage. The gnoll attacks as it pursues you!
The gnoll hits you but does no damage. The gnoll attacks as it pursues you!
The gnoll closely misses you. The gnoll attacks as it pursues you!
The gnoll hits you with a +0 club.
* * * LOW HITPOINT WARNING * * *
There is a stone staircase leading down here.
The gnoll hits you with a +0 club!
You die...

# #...# ###.#.#....# #####.#.#
####...####.....#....+ ..#.#.#.#
.............#..##...###.#...#.#
....)..g.....#..###....#.#.###.#
....#...........# #.##.#.#<....#
....##.......g..###[##.#.##.####
######.....g.#.......#......#
#.......#.g########.####
##########.@........#
############


You could see 2 gnolls.

Vanquished Creatures
  An adder (D:2)
  A dart slug (D:1)
  An orc (D:2)
  4 endoplasms
  2 giant cockroaches
  3 goblins (D:1)
  4 hobgoblins
  2 kobolds
  A quokka (D:1)
  A ball python (D:1)
  A bat (D:1)
  3 frilled lizards (D:1)
  4 rats (D:1)
28 creatures vanquished.

Notes
Turn   | Place    | Note
-------+----------+-------------------------------------------
     0 | D:1      | Shayle the Coglin Alchemist began the quest for the Orb.
     0 | D:1      | Reached XP level 1. HP: 13/13 MP: 3/3
   117 | D:1      | Reached skill level 1 in Conjurations
   149 | D:1      | Found Haly Zong's Antique Armour Shoppe.
   196 | D:1      | Reached XP level 2. HP: 10/19 MP: 1/4
   571 | D:1      | Found Zuitt's Weapon Emporium.
   641 | D:1      | Reached XP level 3. HP: 14/24 MP: 0/6
  1022 | D:2      | HP: 1/24 [gnoll/+0 club (6)]
  1027 | D:2      | Slain by a gnoll

Illustrated notes

Levels and vault maps discovered:
D:1:      wander_arrival_abandoned_jail, layout_rooms, serial_shops,
          shop_fountains, nicolae_shop_gibbet_a_chance, st_stairs_1
D:2:      cheibrodos_helix_gallery, layout_basic, basic_ecumenical_altar,
          chequers_serial_rivers_micro_b, nicolae_grassy_gnolls, uniq_jessica

Skill      XL: |  1  2 |
---------------+-------+-----
Conjurations   | 1 |  1.5
Dodging        | 2 |  2.2
Spellcasting   | 2 |  2.1
Stealth        | |  1.5
Alchemy        | |  3.8

Action                     || total
---------------------------++-------
  Melee: Unarmed           ||    59
         Hand axe          ||    11
   Cast: Sting             ||    34
    Use: Potion            ||     1
 Armour: Robe              ||    43
         Leather armour    ||    23
  Dodge: Dodged            ||    65

Table legend: (Time is in decaauts)
 A = Elapsed time spent in this place.
 B = Non-inter-level travel time spent in this place.
 C = Inter-level travel time spent in this place.
 D = Time resting spent in this place.
 E = Time spent auto-exploring this place.
 F = Levels seen in this place.
 G = Mean time per level.
                   A        B        C        D        E       F      G
               +--------+--------+--------+--------+--------+-----+--------+
         Total |   1030 |   1013 |     17 |    216 |    423 |   2 |  515.0 |
       Dungeon |   1030 |   1013 |     17 |    216 |    423 |   2 |  515.0 |
               +--------+--------+--------+--------+--------+-----+--------+

Top non-repeatable levels by time:
     D:1: 793 daAuts
     D:2: 237 daAuts
